 Dungeon Crawl Stone Soup version 0.28.0-45-g0d030f2227 (webtiles) character file.

Game seed: 15221099518586130549

131 NinjaNoafa the Skirmisher (level 4, 0/41 HPs)
             Began as a Minotaur Berserker on Apr 15, 2022.
             Was a Believer of Trog.
             Succumbed to a kobold brigand's poison
             ... in a sewer.
             The game lasted 00:04:25 (2252 turns).

NinjaNoafa the Skirmisher (Minotaur Berserker)      Turns: 2252, Time: 00:04:26

Health: 0/41       AC: 12    Str: 24    XL:     4   Next: 91%
Magic:  3/3        EV:  8    Int:  4    God:    Trog [**....]
Gold:   80         SH:  0    Dex:  9    Spells: 3/3 levels left

rFire   . . .      SeeInvis .   l - +2 dagger (vamp)
rCold   . . .      Faith    .   (no shield)
rNeg    . . .      Spirit   .   j - +0 chain mail
rPois   .          Reflect  .   (helmet restricted)
rElec   .          Harm     .   (no cloak)
rCorr   .          Rampage  .   i - +0 pair of gloves
Will    .....                   (no boots)
Stlth   ..........              (no amulet)
HPRegen 0.13/turn               (no ring)
MPRegen 0.08/turn               (no ring)

@: brilliant, lethally poisoned (0 -> -4), very slow
A: horns 2, retaliatory headbutt, talons 1, iridescent scales 1
a: Renounce Religion, Berserk, Trog's Hand


You were in a sewer.
You worshipped Trog.
Trog was pleased with you.
You visited 1 branch of the dungeon, and saw 3 of its levels.
You also visited: Sewer.

You collected 80 gold pieces.

Inventory:

Hand Weapons
 a - a +0 hand axe
 c - a +0 hunting sling
 l - a +2 vampiric dagger (weapon)
Missiles
 h - 65 stones (quivered)
Armour
 b - a +0 animal skin
 i - a +0 pair of gloves (worn)
 j - a +0 chain mail (worn)
Wands
 r - a wand of polymorph (4)
Scrolls
 n - a scroll of silence
Potions
 g - 2 potions of brilliance


   Skills:
 + Level 4.6 Fighting
 * Level 3.0 Short Blades
 - Level 4.0 Axes
 + Level 3.8 Armour
 * Level 2.1 Dodging
 + Level 0.0 Evocations


You had 3 spell levels left.
You didn't know any spells.
Your spell library was empty.

Dungeon Overview and Level Annotations

Branches:
Dungeon (3/15)              Sewer (1/1)

Altars:


Innate Abilities, Weirdness & Mutations

You have a pair of horns on your head.
You reflexively headbutt those who attack you in melee.
You have sharp toenails.
You are partially covered in iridescent scales. (AC +2)


Message History

You hit the kobold brigand but do no damage.
You claw the kobold brigand.
The kobold brigand is heavily wounded.
The kobold brigand hits you with a +0 club.
The kobold brigand throws a poisoned dart.
The poisoned dart hits you!
You are poisoned.
You feel very sick.
The kobold brigand throws a poisoned dart.
The poisoned dart barely misses you.
You feel sick.
The kobold brigand throws a poisoned dart.
The poisoned dart barely misses you.
You feel sick.
The kobold brigand throws a poisoned dart.
The poisoned dart closely misses you.
You feel sick.
The kobold brigand throws a poisoned dart.
The poisoned dart hits you!
You are more poisoned.
Okay, then.
You feel sick.
You feel sick.
You enter the shallow water.
Moving in this stuff is going to be slow.
You feel sick.
You feel sick.
The kobold brigand throws a poisoned dart.
The poisoned dart hits you!
You are lethally poisoned!
* * * LOW HITPOINT WARNING * * *
You feel very sick.
* * * LOW HITPOINT WARNING * * *
You feel very sick.
Okay, then.
* * * LOW HITPOINT WARNING * * *
You feel sick.
You enter the shallow water.
Moving in this stuff is going to be slow.
You die...

#...## #≈ #.≈..##
#≈..
#.≈≈..#####≈≈≈≈
##≈.K≈≈≈≈≈≈≈≈..
###.K≈≈.≈.≈.#
##.≈.≈...##
##.≈.≈.≈≈## .
≈≈##.≈..≈≈≈≈≈##.≈
..≈.≈≈..@≈.≈≈.≈...
#≈≈≈..≈.....≈≈..≈≈
#≈.....≈....≈≈..≈.
#≈≈≈≈≈≈.∩.∩.≈≈≈≈.≈
#.≈≈≈.......≈...≈≈
#..≈..≈.≈....≈≈≈≈≈
≈.≈.≈≈.≈.≈.≈.≈≈.≈≈
≈≈##≈.≈...≈.≈##.≈
##≈≈.≈≈≈≈## ≈


You could see 2 kobold brigands.

Vanquished Creatures
  Natasha (thrice) (D:2)
  3 worms
  A dart slug (D:2)
  5 ball pythons
  2 endoplasms
  2 giant cockroaches
  2 hobgoblins
  3 jackals (D:2)
  4 kobolds
  3 quokkas
  3 bats
  6 frilled lizards
  6 goblins
  2 rats
45 creatures vanquished.

Notes
Turn   | Place    | Note
-------+----------+-------------------------------------------
     0 | D:1      | NinjaNoafa the Minotaur Berserker began the quest for the
                  | Orb.
     0 | D:1      | Reached XP level 1. HP: 19/19 MP: 0/0
   295 | D:1      | Reached XP level 2. HP: 23/27 MP: 1/1
   850 | D:2      | Found a faded altar of an unknown god.
  1000 | D:2      | Reached skill level 1 in Short Blades
  1110 | D:2      | Reached XP level 3. HP: 33/33 MP: 2/2
  1132 | D:2      | Reached ** piety under Trog
  1220 | D:2      | Noticed Natasha
  1224 | D:2      | Killed Natasha
  1384 | D:2      | Reached XP level 4. HP: 41/41 MP: 3/3
  1597 | D:2      | Noticed Natasha
  1611 | D:2      | Killed Natasha
  1743 | D:2      | Noticed Natasha
  1773 | D:2      | Killed Natasha
  2156 | D:3      | Found a glowing drain.
  2160 | Sewer    | Entered a sewer
  2219 | Sewer    | Noticed a kobold brigand
  2219 | Sewer    | Noticed a kobold brigand
  2220 | Sewer    | Gained mutation: You have sharp toenails. [potion of
                  | mutation]
  2220 | Sewer    | Gained mutation: You are partially covered in iridescent
                  | scales. (AC +2) [potion of mutation]
  2251 | Sewer    | HP: 1/41 [poisoned by a kobold brigand]
  2252 | Sewer    | Succumbed to a kobold brigand's poison

Illustrated notes

Levels and vault maps discovered:
D:1:      dpeg_arrival_pond, layout_rooms
D:2:      layout_loops_ring, hellmonk_ecumenical_altar_crossroads, uniq_natasha
D:3:      layout_basic, gammafunk_temple_overflow_wave, gup_sewer_entry_bowl
Sewer:    sewer_co_tree

Skill      XL: |  1  2  3  4 |
---------------+-------------+-----
Fighting       | 4 |  4.6
Axes           | 4 |  4.0
Armour         | 3 |  3.8
Short Blades   | 1 2 3 |  3.0
Dodging        | |  2.1

Action                   |  1- 3 |  4- 6 || total
-------------------------+-------+-------++-------
Melee: Hand axe          |    33 |       ||    33
       Dagger            |    41 |    57 ||    98
       Headbutt          |    10 |     2 ||    12
       Punch             |     1 |     1 ||     2
       Unarmed           |       |     7 ||     7
       Kick              |       |     3 ||     3
  Use: Scroll            |       |     8 ||     8
       Potion            |       |     2 ||     2
Armor: Animal skin       |     2 |       ||     2
       Chain mail        |    36 |    15 ||    51
       Skin              |       |     6 ||     6
Dodge: Dodged            |    43 |    15 ||    58
